 Dungeon Crawl Stone Soup version 0.21-a0-504-g2eda330 (webtiles) character file.

10 Starchild the Caller (level 2, -1/20 HPs)
             Began as a Gnoll Summoner on Nov 26, 2017.
             Slain by an ooze (5 damage)
             ... on level 1 of the Dungeon.
             The game lasted 00:02:52 (609 turns).

Starchild the Caller (Gnoll Summoner)                Turns: 609, Time: 00:02:55

Health: -1/20      AC:  2    Str: 10    XL:     2   Next: 20%
Magic:  7/7        EV: 11    Int: 17    God:
Gold:   14         SH:  7    Dex: 15    Spells: 7/10 levels left

rFire    . . .     SeeInvis .   e - +0 dagger
rCold    . . .     Gourm    .   i - +0 shield
rNeg     . . .     Faith    .   a - +0 robe
rPois    .         Spirit   .   (no helmet)
rElec    .         Reflect  .   (no cloak)
rCorr    .         Harm     .   (no gloves)
MR       .....                  (no boots)
Stlth    +++.......             (no amulet)
HPRegen  0.06/turn              (no ring)
MPRegen  0.10/turn              (no ring)

@: no status effects
A: distributed training, fangs 1, strong nose
a: no special abilities


You were on level 1 of the Dungeon.
You were not hungry.

You visited 1 branch of the dungeon, and saw 1 of its levels.

You collected 14 gold pieces.

Inventory:

Hand Weapons
 e - a +0 dagger (weapon)
Missiles
 h - 5 tomahawks (quivered)
 j - 6 stones
Armour
 a - a +0 robe (worn)
 i - a +0 shield (worn)
Scrolls
 f - a scroll of random uselessness {unknown}
 k - a scroll of remove curse {unknown}
 l - a scroll of fog {unknown}
Potions
 d - a potion of curing {unknown}
 m - a potion of magic {unknown}
Books
 b - a book of Callings

   Spells                             Type                      Level
   a - Summon Small Mammal            Summoning                    1
   b - Call Imp                       Summoning                    2
   c - Call Canine Familiar           Summoning                    3
   d - Summon Guardian Golem          Hexes/Summoning              3
   e - Summon Lightning Spire         Summoning/Air                4
   f - Summon Ice Beast               Ice/Summoning                4
Comestibles
 c - a bread ration
 g - 2 meat rations


   Skills:
 + Level 0.3 Fighting
 + Level 0.3 Short Blades
 + Level 0.3 Long Blades
 + Level 0.3 Axes
 + Level 0.3 Maces & Flails
 + Level 0.3 Polearms
 + Level 0.3 Staves
 + Level 0.3 Slings
 + Level 0.3 Bows
 + Level 0.3 Crossbows
 + Level 0.3 Throwing
 + Level 0.3 Armour
 + Level 4.4 Dodging
 + Level 4.0 Stealth
 + Level 0.3 Shields
 + Level 0.3 Unarmed Combat
 + Level 4.9 Spellcasting
 + Level 0.2 Conjurations
 + Level 0.2 Hexes
 + Level 0.2 Charms
 + Level 7.0 Summonings
 + Level 0.2 Necromancy
 + Level 0.2 Translocations
 + Level 0.2 Transmutations
 + Level 0.2 Fire Magic
 + Level 0.2 Ice Magic
 + Level 0.2 Air Magic
 + Level 0.2 Earth Magic
 + Level 0.2 Poison Magic
 + Level 0.4 Invocations
 + Level 0.3 Evocations


You had 7 spell levels left.
You knew the following spells:

 Your Spells              Type           Power        Failure   Level  Hunger
a - Summon Small Mammal   Summ           ####         4%          1    None
b - Call Imp              Summ           ####....     8%          2    #......


Dungeon Overview and Level Annotations

Branches:
Dungeon (1/15)

Altars:


Innate Abilities, Weirdness & Mutations

Your experience applies equally to all skills.
You have very sharp teeth.
Your uncanny sense of smell can sniff out nearby items.


Message History

You hit the ooze.
The ooze is moderately wounded.
The ooze hits you but does no damage.
You hit the ooze.
The ooze is heavily wounded.
You block the ooze's attack.
You hit the ooze.
The ooze is heavily wounded.
The ooze barely misses you.
You hit the ooze.
The ooze is severely wounded.
You block the hobgoblin's attack. The ooze hits you.
The jackal barks!
The jackal barks!
You hit the ooze.
The ooze is almost dead.
The hobgoblin hits you with a club.
* * * LOW HITPOINT WARNING * * *
The ooze hits you.
You die...

#∆...................
#.#..................
###h##.................
#..................#...
#.h................##..
#........##..#>.##.###.
.#.....#..##..#..##.# #.
......g#.........##. ##.
.......@..........#.##..
.#.....$J.........#.....
.............###........
.......##...## #.##.#.#.
....... #..## ## #....#.
....... #...# . #.#.###
......# #..... #.. #.# #
.....K ...###.#. ##.# #
..........#..#


You could see an ooze, 2 jackals, a hobgoblin and a kobold (sleeping).

Vanquished Creatures
  A dart slug (D:1)
  2 jackals (D:1)
  A kobold (D:1)
4 creatures vanquished.

Vanquished Creatures (collateral kills)
  2 goblins (D:1)
  A jackal (D:1)
  A frilled lizard (D:1)
  A rat (D:1)
5 creatures vanquished.

Grand Total: 9 creatures vanquished

Notes
Turn   | Place    | Note
-------+----------+-------------------------------------------
     0 | D:1      | Starchild the Gnoll Summoner began the quest for the Orb.
     0 | D:1      | Reached XP level 1. HP: 13/13 MP: 6/6
   524 | D:1      | Reached XP level 2. HP: 19/19 MP: 7/7
   579 | D:1      | Learned a level 2 spell: Call Imp
   609 | D:1      | Slain by an ooze

Vault maps used:
D:1:      ncdulo_wetmaze, serial_bayou_pond_d, minmay_misc_feat_five,
          nemelex_altar_shiori

Action                   || total
-------------------------++-------
Melee: Unarmed           ||    14
       Bite              ||     4
       Dagger            ||    17
Throw: Tomahawk          ||     5
 Cast: Summon Small Mamm ||     4
       Call Imp          ||     1
 Stab: Sleeping          ||     1
Armor: Robe              ||     6
Dodge: Dodged            ||    15
Block: Shield            ||     3

Table legend:
 A = Spawn XP
 B = Non-spawn XP
 C = Spawn XP percentage of total XP
 D = Spawn monster count
 E = Non-spawn monster count
 F = Spawn count percentage of total count
 G = Total turns spent on level
                    A         B        C        D         E        F      G
               +---------+---------+-------+---------+---------+-------+---------
         Total |       0 |      15 |   0.0 |       0 |       9 |   0.0 |   609
               +---------+---------+-------+---------+---------+-------+---------
           D:1 |       0 |      15 |   0.0 |       0 |       9 |   0.0 |   609
               +---------+---------+-------+---------+---------+-------+---------
